Workbook
Name \0: #REF!
Name \0: #REF!
Name \00: #REF!
Name \a: #REF!
Name \a: #REF!
Name \AA: [1]LIQUIDACION!#REF!
Name \b: [2]STRSUMM0!#REF!
Name \bb: [2]STRSUMM0!#REF!
Name \c: #REF!
Name \E: #REF!
Name \E: #REF!
Name \EE: #REF!
Name \EE: #REF!
Name \G: #REF!
Name \G: #REF!
Name \i: #REF!
Name \k: '[3]7422CW00'!#REF!
Name \k: '[3]7422CW00'!#REF!
Name \l: [4]STRSUMM0!#REF!
Name \l: [4]STRSUMM0!#REF!
Name \M: #REF!
Name \M: #REF!
Name \ñ: '[5]7422CW00'!#REF!
Name \ñ: '[5]7422CW00'!#REF!
Name \P: #REF!
Name \P: #REF!
Name \R: #REF!
Name \R: #REF!
Name \s: #REF!
Name \s: #REF!
Name \t: #REF!
Name \V: #REF!
Name \X: AIU!ERR
Name \X: 'INDICAR CÓDIGO DEL ITEM DE PAGO'!ERR
Name \X: [0]!ERR
Name \Z: AIU!ERR
Name \Z: 'INDICAR CÓDIGO DEL ITEM DE PAGO'!ERR
Name \Z: [0]!ERR
Name _: #REF!
Name _________AFC1: [6]INV!$A$25:$D$28
Name _________AFC1: [7]INV!$A$25:$D$28
Name _________AFC3: [6]INV!$F$25:$I$28
Name _________AFC3: [7]INV!$F$25:$I$28
Name _________AFC5: [6]INV!$K$25:$N$28
Name _________AFC5: [7]INV!$K$25:$N$28
Name _________BGC1: [6]INV!$A$5:$D$8
Name _________BGC1: [7]INV!$A$5:$D$8
Name _________BGC3: [6]INV!$F$5:$I$8
Name _________BGC3: [7]INV!$F$5:$I$8
Name _________BGC5: [6]INV!$K$5:$N$8
Name _________BGC5: [7]INV!$K$5:$N$8
Name _________CAC1: [6]INV!$A$19:$D$22
Name _________CAC1: [7]INV!$A$19:$D$22
Name _________CAC3: [6]INV!$F$19:$I$22
Name _________CAC3: [7]INV!$F$19:$I$22
Name _________CAC5: [6]INV!$K$19:$N$22
Name _________CAC5: [7]INV!$K$19:$N$22
Name _________PJ50: #REF!
Name _________PJ50: #REF!
Name _________PJ50: #REF!

Sheet PRESUPUESTO OFICIAL (Entidad)
B1: Formulario 1 - Propuesta económica - Documento tipo de selección abreviada de menor cuantía - versión 1
B2: Versión: 1 del 21 de agosto de 2025
C5: FORMULARIO 1
C6: PRESUPUESTO OFICIAL
C7: [La entidad puede utilizar este formulario de detalle del presupuesto oficial para determinar las condiciones bajo las cuales los proponentes analizarán y presentarán su propuesta económica de forma detallada, sin perjuicio que la entidad pueda modificarlo o establecer la presentación de la oferta económica con un formulario distinto al indicado.]
C9: Adicionalmente, cuando el proceso de contratación es estructurado por precios unitarios, la Entidad debe aplicar las notas 1, 2 y 3 del presente formulario y las casillas de "Descripción", "Porcentaje" de la Administración, Imprevisto, Utilidad y total A.I.U. resaltadas en colo amarillo. Tratándose de otras modalidades de precio, la Entidad puede o no configurar los mismos aspectos.
C10: PALACIO DE JUSTICIA "ALEJANDRO BECERRA FRANCO" RIO SUCIO, CALDAS
C11: Nº | D11: ITEM DE PAGO | E11: DESCRIPCION | F11: UND. | G11: CANTIDAD | H11: VALOR UNITARIO | I11: VALOR TOTAL
C13: 1 | D13: DESMONTES
D14: 1.1 | E14: Desmonte Lámparas | F14: UN | G14: =77+67 -> 144 | H14: =+APU!F11 -> 9102.75 | I14: =ROUND(G14*H14,0) -> 1310796
D15: 1.2 | E15: Desmonte Cielo Raso | F15: M2 | G15: 500 | H15: =+APU!F22 -> 16599.374 | I15: =ROUND(G15*H15,0) -> 8299687
C16: Subtotal | I16: =+SUM(I14:I15) -> 9610483
C17: 2 | D17: CIELO RASOS
D18: 2.1 | E18: Suministro, transporte e instalación a todo costo de cielo raso en superboard 6 mm junta perdida, una mano de vinilo y dos manos de acriltex. incluye perfilería, anclajes, dilatacion z en perimetro, y todo lo necesario para su correcta instalación. | F18: M2 | G18: 500 | H18: =+APU!F46 -> 89343 | I18: =ROUND(G18*H18,0) -> 44671500
D19: 2.2 | E19: Suministro E Instalación Marco Para Tapa Registro De 60x60 En Cielo Raso De Sistema Liviano, Incluye Apertura De La Perforación | F19: UN | G19: 25 | H19: =+APU!F57 -> 41216 | I19: =ROUND(G19*H19,0) -> 1030400
C20: Subtotal | I20: =+SUM(I18:I19) -> 45701900
C21: 3 | D21: PINTURA
D22: 3.1 | E22: Suministro, Transporte E Instalacion Estuco Y Vinilo 3 Manos Sobre Muro Interior (Incluye Estuco, 1 Mano En Pintura Tipo 2 Y Dos Manos En Pintura Tipo 1, Filos Y Dilataciones). Color Según Diseño Por M2. | F22: M2 | G22: 100 | H22: =+APU!F74 -> 30043.146 | I22: =ROUND(G22*H22,0) -> 3004315
C23: Subtotal | I23: =+SUM(I22:I22) -> 3004315
C24: 4 | D24: INSTALACIONES ELECTRICAS - REDES INTERNAS
C25: 4.1 | D25: NIVEL 1
D26: 4.1.1 | E26: Suministro e Instalación de Tablero Trifásico de 12 Circuítos con Espacio para Totalizador | F26: UN | G26: 1 | H26: =+APU!F88 -> 366976.18 | I26: =ROUND(G26*H26,0) -> 366976
D27: 4.1.2 | E27: Suministro e Instalación de Totalizador Principal 3x40A 25kA | F27: UN | G27: 1 | H27: =+APU!F97 -> 126290.86 | I27: =ROUND(G27*H27,0) -> 126291
D28: 4.1.3 | E28: Suministro e Instalación de Breaker 1x15A 10kA | F28: UN | G28: 5 | H28: =+APU!F106 -> 19030.858 | I28: =ROUND(G28*H28,0) -> 95154
D29: 4.1.4 | E29: Suministro e Instalación de Breaker 1x20A 10kA | F29: UN | G29: 5 | H29: =+APU!F115 -> 21290.858 | I29: =ROUND(G29*H29,0) -> 106454
D30: 4.1.5 | E30: Suministro e Instalación de Salida de Punto de Iluminación Sobreponer | F30: UN | G30: 67 | H30: =+APU!F134 -> 166888.32 | I30: =ROUND(G30*H30,0) -> 11181517
D31: 4.1.6 | E31: Suministro e instalación de luminaria 600x 600 mm 32 w dimerizable 0-10 v Philips o similar 2DSRT3050LCS_2_UNV_DIM | F31: UN | G31: 30 | H31: =+APU!F147 -> 394208.43 | I31: =ROUND(G31*H31,0) -> 11826253
D32: 4.1.7 | E32: Suministro e instalación de luminaria hermética 33w o similar WT065C LED45S/840 1-10V L1200 LA | F32: UN | G32: 6 | H32: =+APU!F160 -> 264208.43 | I32: =ROUND(G32*H32,0) -> 1585251
D33: 4.1.8 | E33: Suministro e Instalación de Luminaria Rectangular Sobreponer No Dimerisable 34W RC048B LED42S/840 100-277 W30L121 LA | F33: UN | G33: 12 | H33: =+APU!F173 -> 498708.43 | I33: =ROUND(G33*H33,0) -> 5984501
D34: 4.1.9 | E34: Suministro e instalación de luminaria lineal dimerizable 1200 x 150 mm sobreponer 45w Philips o similar SP280X LED48/8CST PSR W45L120 OD WH | F34: UN | G34: 6 | H34: =+APU!F186 -> 485208.43 | I34: =ROUND(G34*H34,0) -> 2911251
D35: 4.1.10 | E35: Suministro e instalación de luminaria panel led redondo de sobreponer 13w o similar DN058B LED9/840 110-240V D150 RD | F35: UN | G35: 5 | H35: =+APU!F199 -> 101708.43 | I35: =ROUND(G35*H35,0) -> 508542
D36: 4.1.11 | E36: Suministro e Instalación de Salida de Punto de Iluminación de Emergencia | F36: UN | G36: 9 | H36: =+APU!F212 -> 199208.43 | I36: =ROUND(G36*H36,0) -> 1792876
D37: 4.1.12 | E37: Suministro e Instalación de Luminaria de Emergencia Led LEDR1W5 | F37: UN | G37: 9 | H37: =+APU!F225 -> 173208.43 | I37: =ROUND(G37*H37,0) -> 1558876
D38: 4.1.13 | E38: Suministro e Instalación de Interruptor Sencillo | F38: UN | G38: 5 | H38: =+APU!F241 -> 146950.88 | I38: =ROUND(G38*H38,0) -> 734754
D39: 4.1.14 | E39: Suministro e Instalación de Interruptor Doble | F39: UN | G39: 2 | H39: =+APU!F257 -> 169798.88 | I39: =ROUND(G39*H39,0) -> 339598
D40: 4.1.15 | E40: Suministro e Instalación de Sensor ON/OFF | F40: UN | G40: 2 | H40: =+APU!F272 -> 265022.41 | I40: =ROUND(G40*H40,0) -> 530045
D41: 4.1.16 | E41: Bridge (puente) de control de iluminación, marca Philips Advance o similar, línea Xitanium SR , modelos SRB-BS | F41: UN | G41: 11 | H41: =+APU!F284 -> 692321.02 | I41: =ROUND(G41*H41,0) -> 7615531
D42: 4.1.17 | E42: Sensor SC200B/02 SR WH/BL para montaje en techo , marca Philips o similar, | F42: UN | G42: 11 | H42: =+APU!F297 -> 267928.87 | I42: =ROUND(G42*H42,0) -> 2947218
D43: 4.1.18 | E43: Botonera inalámbrica de 2 botones, marca Philips o similar, modelo UID8470/10 ZGP Switch Dim 2B , compatible con el sistema Interact Ready | F43: UN | G43: 6 | H43: =+APU!F316 -> 910501.46 | I43: =ROUND(G43*H43,0) -> 5463009
D44: 4.1.19 | E44: Suministro e instalación Marco de sobreponer de 60x60 altura 7cm Cal 22, doble soporte y pintura electrostática blanca | F44: UND | G44: 30 | H44: =+APU!F326 -> 55380.558 | I44: =ROUND(G44*H44,0) -> 1661417
D45: 4.1.20 | E45: Suministro e instalación Marco de sobreponer de 120x30 altura 7cm Cal 22, doble soporte y pintura electrostática blanca | F45: UND | G45: 12 | H45: =+APU!F336 -> 62403.511 | I45: =ROUND(G45*H45,0) -> 748842
D46: 4.1.21 | E46: Suministro e instalación de gateway inalámbrico (Wireless Gateway) para sistema Interact Pro de Signify o similar, modelo LCN1840/05 , diseñado para conectar el sistema de iluminación a la nube (cloud) a través de internet. Debe incluir un puerto Ethernet 10/100BaseT y comunicación inalámbrica ZigBee PRO (IEEE 802.15.4) operando a 2.4 GHz en una red tipo malla (mesh). El dispositivo debe poder conectarse a un promedio de 150 puntos finales (endpoints) , soportar encriptación de red AES 128-bits , y permitir el control de los comportamientos de iluminación incluso sin conexión a la nube. La alimentación debe ser mediante un adaptador de 5 Vdc Clase 2/SELV (entrada 100-240 Vac) con un consumo máximo de 2.5 W. Debe operar en un rango de temperatura ambiente de -20 a 45 °C , contar con 3 indicadores LED de estado. | F46: UND | G46: 1 | H46: =+APU!F346 -> 1106220 | I46: =ROUND(G46*H46,0) -> 1106220
D47: 4.1.22 | E47: Salida Datos para Gateway inalámbrico (Wireless Gateway) para sistema Interact Pro | F47: UND | G47: 1 | H47: =+APU!F359 -> 372974.2 | I47: =ROUND(G47*H47,0) -> 372974
D48: 4.1.23 | E48: Salida Eléctrica para Gateway inalámbrico (Wireless Gateway) para sistema Interact Pro | F48: UND | G48: 1 | H48: =+APU!F371 -> 130208.48 | I48: =ROUND(G48*H48,0) -> 130208
D49: 4.1.24 | E49: Suministro e Instalación de Tomacorriente Normal Sobreponer | F49: UN | G49: 22 | H49: =+APU!F387 -> 169311.37 | I49: =ROUND(G49*H49,0) -> 3724850
D50: 4.1.25 | E50: Suministro e Instalación de Tomacorriente 220V (A.A) | F50: UN | G50: 6 | H50: =+APU!F403 -> 181536.37 | I50: =ROUND(G50*H50,0) -> 1089218
D51: 4.1.26 | E51: Suministro e Instalación de Tomacorriente Normal en Canaleta Metálica | F51: UN | G51: 13 | H51: =+APU!F415 -> 99247.122 | I51: =ROUND(G51*H51,0) -> 1290213
D52: 4.1.27 | E52: Suministro e Instalación Tomacorriente Regulado Sobreponer | F52: UN | G52: 6 | H52: =+APU!F429 -> 142692.12 | I52: =ROUND(G52*H52,0) -> 856153
D53: 4.1.28 | E53: Suministro e Instalación de Tomacorriente Regulado en Canaleta Metálica | F53: UN | G53: 18 | H53: =+APU!F441 -> 110347.12 | I53: =ROUND(G53*H53,0) -> 1986248
D54: 4.1.29 | E54: Suministro e Instalación de Tomacorriente Doble GFCI Sobreponer | F54: UN | G54: 2 | H54: =+APU!F455 -> 199845.62 | I54: =ROUND(G54*H54,0) -> 399691
D55: 4.1.30 | E55: Suministro e Instalación de Tubería EMT 3/4" | F55: ML | G55: 200 | H55: =+APU!F467 -> 23000.609 | I55: =ROUND(G55*H55,0) -> 4600122
D56: 4.1.31 | E56: Suministro e Instalación Bandeja Cablofil 54x400mm | F56: ML | G56: 30 | H56: =+APU!F480 -> 75074.739 | I56: =ROUND(G56*H56,0) -> 2252242
D57: 4.1.32 | E57: Suministro e Instalación de Canaleta Metálica 12x5cm | F57: ML | G57: 100 | H57: =+APU!F491 -> 28245.958 | I57: =ROUND(G57*H57,0) -> 2824596
D58: 4.1.33 | E58: Suministro e Instalación de Cable Parcial 3x12 AWG, HFFR LS, Cu | F58: ML | G58: 990 | H58: =+APU!F499 -> 18233.856 | I58: =ROUND(G58*H58,0) -> 18051518
C59: Subtotal | I59: =+SUM(I26:I58) -> 96768609
C60: 4.2 | D60: NIVEL 2
D61: 4.2.1 | E61: Suministro e Instalación de Tablero Trifásico de 18 Circuítos con Espacio para Totalizador | F61: UN | G61: 1 | H61: =+APU!F510 -> 447596.18 | I61: =ROUND(G61*H61,0) -> 447596
D62: 4.2.2 | E62: Suministro e Instalación de Totalizador Principal 3x50A 25kA | F62: UN | G62: 1 | H62: =+APU!F518 -> 138215.86 | I62: =ROUND(G62*H62,0) -> 138216
D63: 4.2.3 | E63: Suministro e Instalación de Breaker 1x15A 10kA | F63: UN | G63: 5 | H63: =+APU!F526 -> 19030.858 | I63: =ROUND(G63*H63,0) -> 95154
D64: 4.2.4 | E64: Suministro e Instalación de Breaker 1x20A 10kA | F64: UN | G64: 11 | H64: =+APU!F534 -> 21290.858 | I64: =ROUND(G64*H64,0) -> 234199
D65: 4.2.5 | E65: Suministro e Instalación de Salida de Punto de Iluminación Sobreponer | F65: UN | G65: 77 | H65: =+APU!F553 -> 166888.32 | I65: =ROUND(G65*H65,0) -> 12850400
D66: 4.2.6 | E66: Suministro e instalación de luminaria 600x 600 mm 32 w dimerizable 0-10 v Philips o similar 2DSRT3050LCS_2_UNV_DIM | F66: UN | G66: 46 | H66: =+APU!F566 -> 394208.43 | I66: =ROUND(G66*H66,0) -> 18133588
D67: 4.2.7 | E67: Suministro e instalación de luminaria hermética 33w o similar WT065C LED45S/840 1-10V L1200 LA | F67: UN | G67: 1 | H67: =+APU!F579 -> 264208.43 | I67: =ROUND(G67*H67,0) -> 264208
D68: 4.2.8 | E68: Suministro e Instalación de Luminaria Rectangular Sobreponer No Dimerisable 34W RC048B LED42S/840 100-277 W30L121 LA | F68: UN | G68: 2 | H68: =+APU!F592 -> 498708.43 | I68: =ROUND(G68*H68,0) -> 997417
D69: 4.2.9 | E69: Suministro e instalación de luminaria lineal dimerizable 1200 x 150 mm sobreponer 45w Philips o similar SP280X LED48/8CST PSR W45L120 OD WH | F69: UN | G69: 9 | H69: =+APU!F605 -> 485208.43 | I69: =ROUND(G69*H69,0) -> 4366876
D70: 4.2.10 | E70: Suministro e instalación de luminaria panel led redondo de sobreponer 13w o similar DN058B LED9/840 110-240V D150 RD | F70: UN | G70: 10 | H70: =+APU!F618 -> 101708.43 | I70: =ROUND(G70*H70,0) -> 1017084
D71: 4.2.11 | E71: Suministro e Instalación de Salida de Punto de Iluminación de Emergencia | F71: UN | G71: 8 | H71: =+APU!F631 -> 199208.43 | I71: =ROUND(G71*H71,0) -> 1593667
D72: 4.2.12 | E72: Suministro e Instalación de Luminaria de Emergencia Led LEDR1W5 | F72: UN | G72: 8 | H72: =+APU!F644 -> 173208.43 | I72: =ROUND(G72*H72,0) -> 1385667
D73: 4.2.13 | E73: Suministro e Instalación de Interruptor Sencillo | F73: UN | G73: 13 | H73: =+APU!F660 -> 146950.88 | I73: =ROUND(G73*H73,0) -> 1910361
D74: 4.2.14 | E74: Suministro e Instalación de Interruptor Doble | F74: UN | G74: 2 | H74: =+APU!F676 -> 169798.88 | I74: =ROUND(G74*H74,0) -> 339598
D75: 4.2.15 | E75: Suministro e Instalación de Sensor ON/OFF | F75: UN | G75: 2 | H75: =+APU!F691 -> 265022.41 | I75: =ROUND(G75*H75,0) -> 530045
D76: 4.2.16 | E76: Bridge (puente) de control de iluminación, marca Philips Advance o similar, línea Xitanium SR , modelos SRB-BS | F76: UN | G76: 16 | H76: =+APU!F703 -> 692321.02 | I76: =ROUND(G76*H76,0) -> 11077136
D77: 4.2.17 | E77: Sensor SC200B/02 SR WH/BL para montaje en techo , marca Philips o similar, | F77: UN | G77: 16 | H77: =+APU!F716 -> 267928.87 | I77: =ROUND(G77*H77,0) -> 4286862
D78: 4.2.18 | E78: Botonera inalámbrica de 2 botones, marca Philips o similar, modelo UID8470/10 ZGP Switch Dim 2B , compatible con el sistema Interact Ready | F78: UN | G78: 11 | H78: =+APU!F735 -> 910501.46 | I78: =ROUND(G78*H78,0) -> 10015516
D79: 4.2.19 | E79: Suministro e instalación Marco de sobreponer de 60x60 altura 7cm Cal 22, doble soporte y pintura electrostática blanca | F79: UND | G79: 46 | H79: =+APU!F745 -> 55380.558 | I79: =ROUND(G79*H79,0) -> 2547506
D80: 4.2.20 | E80: Suministro e instalación Marco de sobreponer de 120x30 altura 7cm Cal 22, doble soporte y pintura electrostática blanca | F80: UND | G80: 2 | H80: =+APU!F755 -> 62403.511 | I80: =ROUND(G80*H80,0) -> 124807
D81: 4.2.21 | E81: Suministro e instalación de gateway inalámbrico (Wireless Gateway) para sistema Interact Pro de Signify o similar, modelo LCN1840/05 , diseñado para conectar el sistema de iluminación a la nube (cloud) a través de internet. Debe incluir un puerto Ethernet 10/100BaseT y comunicación inalámbrica ZigBee PRO (IEEE 802.15.4) operando a 2.4 GHz en una red tipo malla (mesh). El dispositivo debe poder conectarse a un promedio de 150 puntos finales (endpoints) , soportar encriptación de red AES 128-bits , y permitir el control de los comportamientos de iluminación incluso sin conexión a la nube. La alimentación debe ser mediante un adaptador de 5 Vdc Clase 2/SELV (entrada 100-240 Vac) con un consumo máximo de 2.5 W. Debe operar en un rango de temperatura ambiente de -20 a 45 °C , contar con 3 indicadores LED de estado. | F81: UND | G81: 1 | H81: =+APU!F765 -> 1106220 | I81: =ROUND(G81*H81,0) -> 1106220
D82: 4.2.22 | E82: Salida Datos para Gateway inalámbrico (Wireless Gateway) para sistema Interact Pro | F82: UND | G82: 1 | H82: =+APU!F778 -> 370216.31 | I82: =ROUND(G82*H82,0) -> 370216
D83: 4.2.23 | E83: Salida Eléctrica para Gateway inalámbrico (Wireless Gateway) para sistema Interact Pro | F83: UND | G83: 1 | H83: =+APU!F790 -> 130300 | I83: =ROUND(G83*H83,0) -> 130300
D84: 4.2.24 | E84: Suministro e Instalación de Tomacorriente Normal Sobreponer | F84: UN | G84: 4 | H84: =+APU!F806 -> 169311.37 | I84: =ROUND(G84*H84,0) -> 677245
D85: 4.2.25 | E85: Suministro e Instalación de Tomacorriente 220V (A.A) | F85: UN | G85: 16 | H85: =+APU!F822 -> 181536.37 | I85: =ROUND(G85*H85,0) -> 2904582
D86: 4.2.26 | E86: Suministro e Instalación de Tomacorriente Normal en Canaleta Metálica | F86: UN | G86: 53 | H86: =+APU!F834 -> 99247.122 | I86: =ROUND(G86*H86,0) -> 5260097
D87: 4.2.27 | E87: Suministro e Instalación Tomacorriente Regulado Sobreponer | F87: UN | G87: 1 | H87: =+APU!F848 -> 142692.12 | I87: =ROUND(G87*H87,0) -> 142692
D88: 4.2.28 | E88: Suministro e Instalación Tomacorriente Regulado Sobreponer 220V | F88: UN | G88: 1 | H88: =+APU!F865 -> 215174.37 | I88: =ROUND(G88*H88,0) -> 215174
D89: 4.2.29 | E89: Suministro e Instalación de Tomacorriente Regulado en Canaleta Metálica | F89: UN | G89: 28 | H89: =+APU!F877 -> 110347.12 | I89: =ROUND(G89*H89,0) -> 3089719
D90: 4.2.30 | E90: Suministro e Instalación de Tubería EMT 3/4" | F90: ML | G90: 100 | H90: =+APU!F888 -> 23000.609 | I90: =ROUND(G90*H90,0) -> 2300061
D91: 4.2.31 | E91: Suministro e Instalación de Tubería SCH40 3/4" | F91: ML | G91: 240 | H91: =+APU!F900 -> 19710.509 | I91: =ROUND(G91*H91,0) -> 4730522
D92: 4.2.32 | E92: Suministro e Instalación de Tubería IMC 3/4" | F92: ML | G92: 80 | H92: =+APU!F912 -> 34198.899 | I92: =ROUND(G92*H92,0) -> 2735912
D93: 4.2.33 | E93: Suministro e Instalación Bandeja Cablofil 54x300mm | F93: ML | G93: 40 | H93: =+APU!F925 -> 69699.169 | I93: =ROUND(G93*H93,0) -> 2787967
D94: 4.2.34 | E94: Suministro e Instalación Bandeja Tipo Escalera 80x300mm (Incluye Tapa) | F94: ML | G94: 3 | H94: =+APU!F939 -> 162167.26 | I94: =ROUND(G94*H94,0) -> 486502
D95: 4.2.35 | E95: Suministro e Instalación de Canaleta Metálica 12x5cm | F95: ML | G95: 250 | H95: =+APU!F951 -> 26711.758 | I95: =ROUND(G95*H95,0) -> 6677940
D96: 4.2.36 | E96: Suministro e Instalación de Cable Parcial 3x12 AWG, HFFR LS, Cu | F96: ML | G96: 2139 | H96: =+APU!F961 -> 18233.856 | I96: =ROUND(G96*H96,0) -> 39002218
C97: Subtotal | I97: =+SUM(I61:I96) -> 144973270
C98: 5 | D98: TRAMITES
D99: 5.1 | E99: Legalización y Certificación RETIE | F99: GLB | G99: 1 | H99: 4000000 | I99: =+G99*H99 -> 4000000
C100: Subtotal | I100: =+I99 -> 4000000
C101: SUBTOTAL OBRAS | I101: =+I100+I97+I59+I23+I20+I16 -> 304058577
E103: ADMINISTRACION | I103: =ROUND(I101*I110,0) -> 88997945
E104: UTILIDAD | I104: =ROUND(I101*I111,0) -> 18243515
E105: IVA SOBRE LA UTILIDAD | H105: 0.19 | I105: =ROUND(H105*I104,0) -> 3466268
...

Sheet APU
A2: 1. DESMONTES
A4: ITEM | B4: DESMONTE LAMPARAS | F4: UN
A5: =+'PRESUPUESTO OFICIAL (Entidad)'!D14 -> 1.1 | B5: DESCRIPCION | C5: UND | D5: Rendimiento | E5: valor unitario | F5: valor parcial
B6: CUADRILLA AA TIPO 1 (1 OFICIAL + 1 AYUDANTE) (Albañileria) | C6: HR | D6: 0.15 | E6: 37863 | F6: =+D6*E6 -> 5679.45
B7: ANDAMIO METALICO CERTIFICADO, INCLUYE ESCALERILLA CON BARANDAS Y PLATAFORMAS DE TRABAJO H=2.0M | C7: Un-Dia | D7: 0.15 | E7: 17302 | F7: =+D7*E7 -> 2595.3
B8: EQUIPO BASICO (HERRAMIENTA MENOR) | C8: UND | D8: 0.15 | E8: 3623 | F8: =+D8*E8 -> 543.45
B9: ACARREO INTERNO | C9: UND | D9: 0.15 | E9: 1897 | F9: =+D9*E9 -> 284.55
B11: COSTO DIRECTO | F11: =+SUM(F6:F9) -> 9102.75
A14: ITEM | B14: DESMONTE CIELO RASO (INCLUYE RETIRO) | F14: M2
A15: =+'PRESUPUESTO OFICIAL (Entidad)'!D15 -> 1.2 | B15: Actividad | C15: UND | D15: Rendimiento | E15: valor unitario | F15: valor parcial
B16: CUADRILLA AA TIPO 1 (1 OFICIAL + 1 AYUDANTE) (Albañileria) | C16: HR | D16: 0.18 | E16: 37863 | F16: =+SUM(D16*E16) -> 6815.34
B17: ANDAMIO METALICO CERTIFICADO, INCLUYE ESCALERILLA CON BARANDAS Y PLATAFORMAS DE TRABAJO H=2.0M | C17: Un-Dia | D17: 0.16 | E17: 17302 | F17: =+SUM(D17*E17) -> 2768.32
B18: VOLQUETA 6M3 (CARGUE A MANO) - INCLUYE DISPOSICION EN BOTADERO | C18: VJE | D18: 0.018 | E18: 322400 | F18: =+SUM(D18*E18) -> 5803.2
B19: EQUIPO BASICO (HERRAMIENTA MENOR) | C19: UND | D19: 0.18 | E19: 3623 | F19: =+SUM(D19*E19) -> 652.14
B20: ACARREO INTERNO | C20: UND | D20: 0.2954 | E20: 1897 | F20: =+SUM(D20*E20) -> 560.3738
B22: COSTO DIRECTO | F22: =+SUM(F16:F20) -> 16599.374
A25: 2. CIELO RASOS
A27: ITEM | B27: SUMINISTRO, TRANSPORTE E INSTALACIÓN A TODO COSTO DE CIELO RASO EN SUPERBOARD 6 MM JUNTA PERDIDA, UNA MANO DE VINILO Y DOS MANOS DE ACRILTEX. INCLUYE PERFILERÍA, ANCLAJES, DILATACION Z EN PERIMETRO, Y TODO LO NECESARIO PARA SU CORRECTA INSTALACIÓN. | F27: M2
A28: =+'PRESUPUESTO OFICIAL (Entidad)'!D18 -> 2.1 | B28: Actividad | C28: UND | D28: Rendimiento | E28: valor unitario | F28: valor parcial
B29: CUADRILLA EE TIPO 2 (1 OFICIAL + 2 AYUDANTE) (Dry Wall) | C29: HR | D29: 0.62 | E29: 58718 | F29: 36405
B30: ANDAMIO METALICO CERTIFICADO, INCLUYE ESCALERILLA CON BARANDAS Y PLATAFORMAS DE TRABAJO H=2.0M | C30: Un-Dia | D30: 0.25 | E30: 17302 | F30: 4326
B31: EQUIPO DE TRANSPORTE | C31: DIA | D31: 0.008 | E31: 187426 | F31: 1499
B32: INTERVINILO - TIPO PINTUCO REF. 2501 SEGÚN COLOR DISEÑO O SIMILAR | C32: GAL | D32: 0.04 | E32: 62296 | F32: 2492
B33: VINILTEX ACRILTEX- TIPO PINTUCO REF. SEGÚN COLOR DISEÑO O SIMILAR. | C33: GAL | D33: 0.08 | E33: 109097 | F33: 8728
B34: ACARREO INTERNO | C34: UND | D34: 1.2 | E34: 1897 | F34: 2276
B35: CINTA MALLA DE FIBRA DE VIDRIO ( 90 M. ) | C35: ROLLO | D35: 0.011111111 | E35: 13416 | F35: 149
B36: MASILLA SUPERMASTIC USG X 28 KG | C36: CANECA | D36: 0.053571429 | E36: 64376 | F36: 3449
B37: PERFIL VIGUETA CIELO RASO x 2.4m CAL 26 | C37: UND | D37: 0.5 | E37: 3745 | F37: 1873
B38: PERFIL OMEGA CAL 26 - 2.44 M. | C38: UND | D38: 1 | E38: 3796 | F38: 3796
B39: ÁNGULO CIELO RASO 20×30 CALIBRE 26 (0.38) X 2.44MT | C39: UND | D39: 0.6 | E39: 2366 | F39: 1420
B40: SUPERBOARD ( 2.44 X 1.22 ) E= 6 MM | C40: M2 | D40: 1 | E40: 21089 | F40: 21089
... B44: DILATACION Z 8MM X3.05M | C44: UND | D44: 0.1 | E44: 6173 | F44: 617
B46: COSTO DIRECTO | F46: =+SUM(F29:F44) -> 89343
A49: ITEM | B49: SUMINISTRO E INSTALACION MARCO PARA TAPA DE REGISTRO DE 60X60 EN CIELOS DE SISTEMA LIVIANO, INCLUYE APERTURA DE LA PERFORACIÓN | F49: UN
A50: =+'PRESUPUESTO OFICIAL (Entidad)'!D19 -> 2.2 | B50: Actividad | C50: UND | D50: Rendimiento | E50: valor unitario | F50: valor parcial
B51: MARCO DE INCRUSTAR EN ALUMINIO BLANCO 60X60 | C51: UN | D51: 1 | E51: 25000 | F51: 25000
B52: CUADRILLA AA TIPO 1 (1 OFICIAL + 1 AYUDANTE) (Albañileria) | C52: HR | D52: 0.4 | E52: 37863 | F52: 15145
B53: EQUIPO BASICO (HERRAMIENTA MENOR) | C53: UND | D53: 0.1 | E53: 3623 | F53: 362
B54: ACARREO INTERNO | C54: UND | D54: 0.1 | E54: 1897 | F54: 190
B55: ANDAMIO METALICO CERTIFICADO, INCLUYE ESCALERILLA CON BARANDAS Y PLATAFORMAS DE TRABAJO H=2.0M | C55: Un-Dia | D55: 0.03 | E55: 17302 | F55: 519
B57: COSTO DIRECTO | F57: =+SUM(F51:F55) -> 41216
A60: 3. PINTURA
A62: ITEM | B62: SUMINISTRO, TRANSPORTE E INSTALACION ESTUCO Y VINILO 3 MANOS SOBRE MURO INTERIOR (INCLUYE ESTUCO, 1 MANO EN PINTURA TIPO 2 Y DOS MANOS EN PINTURA TIPO 1, FILOS Y DILATACIONES). COLOR SEGÚN DISEÑO POR M2 | F62: M2
A63: =+'PRESUPUESTO OFICIAL (Entidad)'!D22 -> 3.1 | B63: DESCRIPCION | C63: UNIDAD | D63: RENDIMIENTO | E63: VALOR UNITARIO | F63: VALOR PARCIAL
B64: CUADRILLA CC TIPO 1 (1 OFICIAL + 1 AYUDANTE) (Pintura) | C64: HR | D64: 0.37 | E64: 41004 | F64: =D64*E64 -> 15171.48
B65: ANDAMIO METALICO CERTIFICADO, INCLUYE ESCALERILLA CON BARANDAS Y PLATAFORMAS DE TRABAJO H=2.0M | C65: Un-Dia | D65: 0.06 | E65: 17302 | F65: =D65*E65 -> 1038.12
B66: EQUIPO DE TRANSPORTE | C66: DIA | D66: 0.001 | E66: 187426 | F66: =D66*E66 -> 187.426
B67: EQUIPO BASICO (HERRAMIENTA MENOR) | C67: UND | D67: 0.05 | E67: 3623 | F67: =D67*E67 -> 181.15
B68: ESTUCO PARA INTERIORES - TIPO PINTUCO REF. 17060 O SIMILAR. | C68: GAL | D68: 0.05 | E68: 25896 | F68: =D68*E68 -> 1294.8
B69: INTERVINILO - TIPO PINTUCO REF. 2501 SEGÚN COLOR DISEÑO O SIMILAR | C69: GAL | D69: 0.04 | E69: 62296 | F69: =D69*E69 -> 2491.84
B70: VINILTEX ACRILTEX- TIPO PINTUCO REF. SEGÚN COLOR DISEÑO O SIMILAR. | C70: GAL | D70: 0.08 | E70: 109097 | F70: =D70*E70 -> 8727.76
B71: ACARREO INTERNO | C71: UND | D71: 0.45 | E71: 1897 | F71: =D71*E71 -> 853.65
B72: PABMERIL PLIEGO 9" X 11" | C72: UND | D72: 0.02 | E72: 4846 | F72: =D72*E72 -> 96.92
B74: COSTO DIRECTO | F74: =+SUM(F64:F72) -> 30043.146
A77: 4. INSTALACIONES ELECTRICAS - REDES INTERNAS
A79: ITEM | B79: Suministro e Instalación de Tablero Trifásico de 12 Circuítos con Espacio para Totalizador | F79: UN
A80: =+'PRESUPUESTO OFICIAL (Entidad)'!D26 -> 4.1.1 | B80: DESCRIPCION | C80: UNIDAD | D80: RENDIMIENTO | E80: VALOR UNITARIO | F80: VALOR PARCIAL
B81: Chazo y Tornillo | C81: UND | D81: 200 | E81: 4 | F81: =D81*E81 -> 800
B82: Marcadores de Cable | C82: UND | D82: 1254 | E82: 12 | F82: =D82*E82 -> 15048
B83: Marcadores en Acrílico | C83: UND | D83: 2686 | E83: 12 | F83: =D83*E83 -> 32232
B84: Tablero Trifásico de 12 Circuítos con Espacio para Totalizador | C84: UND | D84: 262570 | E84: 1 | F84: =D84*E84 -> 262570
B85: Cuadrilla FF Tipo 1 (1 Oficial + 1 Ayudantes) | C85: HR | D85: 26822 | E85: 2 | F85: =D85*E85 -> 53644
B86: Equipo Básico (Herramienta Menor) | C86: HR | D86: 2269 | E86: 1.1821 | F86: =D86*E86 -> 2682.1849
B88: COSTO DIRECTO | F88: =+SUM(F81:F86) -> 366976.18
A91: ITEM | B91: Suministro e Instalación de Totalizador Principal 3x40A 25kA | F91: UN
A92: =+'PRESUPUESTO OFICIAL (Entidad)'!D27 -> 4.1.2 | B92: DESCRIPCION | C92: UNIDAD | D92: RENDIMIENTO | E92: VALOR UNITARIO | F92: VALOR PARCIAL
B93: Totalizador Principal 3x40A 25kA | C93: UND | D93: 119250 | E93: 1 | F93: =D93*E93 -> 119250
B94: Cuadrilla FF Tipo 1 (1 Oficial + 1 Ayudantes) | C94: HR | D94: 26822 | E94: 0.25 | F94: =D94*E94 -> 6705.5
B95: Equipo Básico (Herramienta Menor) | C95: HR | D95: 2269 | E95: 0.1478 | F95: =D95*E95 -> 335.3582
B97: COSTO DIRECTO | F97: =+SUM(F93:F95) -> 126290.86
A100: ITEM | B100: Suministro e Instalación de Breaker 1x15A 10kA | F100: UN
A101: =+'PRESUPUESTO OFICIAL (Entidad)'!D28 -> 4.1.3 | B101: DESCRIPCION | C101: UNIDAD | D101: RENDIMIENTO | E101: VALOR UNITARIO | F101: VALOR PARCIAL
B102: Breaker 1X15A 10kA | C102: UND | D102: 11990 | E102: 1 | F102: =D102*E102 -> 11990
B103: Cuadrilla FF Tipo 1 (1 Oficial + 1 Ayudantes) | C103: HR | D103: 26822 | E103: 0.25 | F103: =D103*E103 -> 6705.5
B104: Equipo Básico (Herramienta Menor) | C104: HR | D104: 2269 | E104: 0.1478 | F104: =D104*E104 -> 335.3582
B106: COSTO DIRECTO | F106: =+SUM(F102:F104) -> 19030.858
A109: ITEM | B109: Suministro e Instalación de Breaker 1x20A 10kA | F109: UN
A110: =+'PRESUPUESTO OFICIAL (Entidad)'!D29 -> 4.1.4 | B110: DESCRIPCION | C110: UNIDAD | D110: RENDIMIENTO | E110: VALOR UNITARIO | F110: VALOR PARCIAL
B111: Breaker 1X20A 10kA | C111: UND | D111: 14.25 | E111: 1 | F111: 14250
B112: Cuadrilla FF Tipo 1 (1 Oficial + 1 Ayudantes) | C112: HR | D112: 26822 | E112: 0.25 | F112: =D112*E112 -> 6705.5
B113: Equipo Básico (Herramienta Menor) | C113: HR | D113: 2269 | E113: 0.1478 | F113: =D113*E113 -> 335.3582
B115: COSTO DIRECTO | F115: =+SUM(F111:F113) -> 21290.858
A118: ITEM | B118: Suministro e Instalación de Salida de Punto de Iluminación Sobreponer | F118: UN
A119: =+'PRESUPUESTO OFICIAL (Entidad)'!D30 -> 4.1.5 | B119: DESCRIPCION | C119: UNIDAD | D119: RENDIMIENTO | E119: VALOR UNITARIO | F119: VALOR PARCIAL
B120: ABRAZADERA METALICA DOBLE ALA TUBO DE 3/4" | C120: UND | D120: 1 | E120: 555 | F120: =D120*E120 -> 555
B121: ADAPTADOR TERMINAL EMT 3/4" | C121: UND | D121: 2 | E121: 1625 | F121: =D121*E121 -> 3250
B122: CABLE DE COBRE AISLADO THHN No. 12 AWG | C122: ML | D122: 2.48 | E122: 2761.5 | F122: =D122*E122 -> 6848.52
B123: CAJA RADWELL 2X4" (4 Huecos de 3/4") | C123: UND | D123: 1 | E123: 25443.5 | F123: =D123*E123 -> 25443.5
B124: CHAZO Y TORNILLO | C124: UND | D124: 8 | E124: 275 | F124: =D124*E124 -> 2200
B125: CINTA AISLANTE SCOTH | C125: UND | D125: 0.05 | E125: 27257.5 | F125: =D125*E125 -> 1362.875
B126: CURVA EMT 3/4" | C126: UND | D126: 1 | E126: 1799.5 | F126: =D126*E126 -> 1799.5
B127: TOMACORRIENTE DOBLE CON POLO A TIERRA | C127: UND | D127: 1 | E127: 5800 | F127: =D127*E127 -> 5800
B128: TUBERIA EMT 3/4" | C128: ML | D128: 6.18 | E128: 8025 | F128: =D128*E128 -> 49594.5
B129: UNION EMT 3/4" | C129: UND | D129: 1 | E129: 925 | F129: =D129*E129 -> 925
B130: CUADRILLA FF TIPO 1 (1 OFICIAL + 1 AYUDANTE) (Electricas) | C130: HR | D130: 1.6 | E130: 39213 | F130: =D130*E130 -> 62740.8
B131: EQUIPO BASICO (HERRAMIENTA MENOR) 5% M.O. | C131: HR | D131: 0.06177528 | E131: 58820 | F131: =D131*E131 -> 3633.622
B132: TALADRO / EQUIPOS DE FIJACÓN | C132: HR | D132: 1 | E132: 2735 | F132: =D132*E132 -> 2735
B134: COSTO DIRECTO | F134: =+SUM(F120:F133) -> 166888.32
A137: ITEM | B137: =[176]PRESUPUESTO!B30 -> Suministro e instalación de luminaria 600x 600 mm 32 w dimerizable 0-10 v Philips o similar 2DSRT3050LCS_2_UNV_DIM | F137: UN
A138: =+'PRESUPUESTO OFICIAL (Entidad)'!D31 -> 4.1.6 | B138: DESCRIPCION | C138: UNIDAD | D138: RENDIMIENTO | E138: VALOR UNITARIO | F138: VALOR PARCIAL
...

Sheet AIU
A1: ANALISIS DEL AIU
A3: Valor estimado de la Obra (Costo Directo). | D3: Valor | E3: =+'PRESUPUESTO OFICIAL (Entidad)'!I101 -> 304058577
A4: Plazo estimado de ejecución. | D4: Meses | E4: 3
A6: CAPITULO | B6: TIPO DE GASTO | C6: UN | D6: CANTIDAD. | E6: DEDICACION | F6: VLOR UNITARIO (mes) | G6: FACTOR PRESTACIONAL O FACTOR AIU (PARA INDIRECTOS) | H6: VALOR TOTAL | I6: SUMA | J6: PORCENTAJE
A7: 1 | B7: GASTOS GENERALES. | J7: =+J8 -> 0.19347475
A8: 1.1 | B8: MANO DE OBRA Y GASTOS DE OFICINA | I8: =SUM(H9:H14) -> 58827658 | J8: =+I8/$E$3 -> 0.19347475
B9: Ingeniero Director | C9: Un | D9: 1 | E9: 0.4 | F9: 6000000 | G9: =+'[175]Analisis Factor Prestacional'!$D$26 -> 0.5483 | H9: =+D9*E9*$E$4*F9*(1+G9) -> 11147760 | J9: =+H9/$E$3 -> 0.036663199
B10: Ingeniero Residente | C10: Un | D10: 1 | E10: 1 | F10: 4000000 | G10: =+'[175]Analisis Factor Prestacional'!$D$26 -> 0.5483 | H10: =+D10*E10*$E$4*F10*(1+G10) -> 18579600 | J10: =+H10/$E$3 -> 0.061105331
B11: Residente de Salud Ocupacional | C11: Un | D11: 1 | E11: 1 | F11: 3500000 | G11: =+'[175]Analisis Factor Prestacional'!$D$26 -> 0.5483 | H11: =+D11*E11*$E$4*F11*(1+G11) -> 16257150 | J11: =+H11/$E$3 -> 0.053467165
B12: Tecnologo electrico | C12: Un | D12: 1 | E12: 1 | F12: 2000000 | G12: =+'[175]Analisis Factor Prestacional'!$D$26 -> 0.5483 | H12: =+D12*E12*$E$4*F12*(1+G12) -> 9289800 | J12: =+H12/$E$3 -> 0.030552666
B13: Secretaria con prestaciones | C13: Un | D13: 1 | E13: 0.3 | F13: 1700000 | G13: =+G11 -> 0.5483 | H13: =+D13*E13*$E$4*F13*(1+G13) -> 2368899 | J13: =+H13/$E$3 -> 0.0077909297
B14: Contador | C14: Un | D14: 1 | E14: 0.15 | F14: =+F13 -> 1700000 | G14: =+G13 -> 0.5483 | H14: =+D14*E14*$E$4*F14*(1+G14) -> 1184449.5 | J14: =+H14/$E$3 -> 0.0038954649
A15: 2 | B15: GASTOS INDIRECTOS. | J15: =++J18+J25 -> 0.099247599
B16: LEGALIZACION
B17: AU ITERACION | G17: 1.3527
A18: 2.2 | B18: POLIZAS | I18: =SUM(H19:H24) -> 5758200.5 | J18: =+I18/$E$3 -> 0.0189378
B19: Seriedad de la Propuesta. | C19: % | D19: 0.0002 | F19: =+$E$3 -> 304058577 | G19: =+G17 -> 1.3527 | H19: =+F19*D19*G19 -> 82260.007 | J19: =+H19/$E$3 -> 0.00027054
B20: Cumplimiento | C20: % | D20: 0.0009 | F20: =+$E$3 -> 304058577 | G20: =+G19 -> 1.3527 | H20: =+F20*D20*G20 -> 370170.03 | J20: =+H20/$E$3 -> 0.00121743
B21: Estabilidad y calidad | C21: % | D21: 0.0058 | F21: =+$E$3 -> 304058577 | G21: =+G20 -> 1.3527 | H21: =+F21*D21*G21 -> 2385540.2 | J21: =+H21/$E$3 -> 0.00784566
B22: Pago de Salarios y Prestaciones Sociales | C22: % | D22: 0.0024 | F22: =+$E$3 -> 304058577 | G22: =+G21 -> 1.3527 | H22: =+F22*D22*G22 -> 987120.09 | J22: =+H22/$E$3 -> 0.00324648
B23: Responsabilidad Civil | C23: % | D23: 0.002 | F23: =+$E$3 -> 304058577 | G23: =+G22 -> 1.3527 | H23: =+F23*D23*G23 -> 822600.07 | J23: =+H23/$E$3 -> 0.0027054
B24: Calidad y correcto funcionamiento de los bienes | C24: % | D24: 0.0027 | F24: =+$E$3 -> 304058577 | G24: =+G23 -> 1.3527 | H24: =+F24*D24*G24 -> 1110510.1 | J24: =+H24/$E$3 -> 0.00365229
A25: 2.3 | B25: IMPUESTOS Y CONTRIBUCIONES | I25: =SUM(H28:H31) -> 24418883 | J25: =+I25/$E$3 -> 0.080309799
B26: Retencion en la fuente | C26: % | D26: 0.02 | F26: =+$E$3 -> 304058577 | G26: =+G24 -> 1.3527 | J26: =+H26/$E$3 -> 0
B27: IMPUESTO DE TIMBRE - CATATUMBO | C27: % | D27: 0.015 | F27: =+$E$3 -> 304058577 | G27: =+G26 -> 1.3527 | J27: =+H27/$E$3 -> 0
B28: Estampillas Pro - Universidad. | C28: % | D28: 0.005 | F28: =+$E$3 -> 304058577 | G28: =+G26 -> 1.3527 | H28: =+F28*D28*G28 -> 2056500.2 | J28: =+H28/$E$3 -> 0.0067635
B29: Gasto bancarios4x1000 y retiros | C29: % | D29: 0.004 | F29: =+$E$3 -> 304058577 | G29: =+G27 -> 1.3527 | H29: =+F29*D29*G29 -> 1645200.1 | J29: =+H29/$E$3 -> 0.0054108
B30: Industria y Comercio 3,7 x 1.000 sobre valor total | C30: % | D30: 0.00037 | F30: =+$E$3 -> 304058577 | G30: =+G28 -> 1.3527 | H30: =+F30*D30*G30 -> 152181.01 | J30: =+H30/$E$3 -> 0.000500499
B31: Contribución Contrato de Obra Pública | C31: % | D31: 0.05 | F31: =+F30 -> 304058577 | G31: =+G30 -> 1.3527 | H31: =+F31*D31*G31 -> 20565002 | J31: =+H31/$E$3 -> 0.067635
B32: TOTAL GASTOS INDIRECTOS DE ADMINISTRACION. | I32: =SUM(I8:I30) -> 89004742 | J32: =ROUND(SUM(J7:J31)/3,4) -> 0.2927
B33: IMPREVISTO | J33: 0
B34: UTILIDAD: | J34: 0.06
B35: A.I.U. | J35: =SUM(J32:J34) -> 0.3527
I38: NO MOVER | J38: =1+J35 -> 1.3527
B39: ALCALDIA DE MANIZALES. | D39: Base - Tope | E39: Porcentaje | F39: Vlor x Millón o fracción.
B40: Estampilla Pro-Hospital. | E40: 0.02
B41: Estampilla Pro-Universidad. | E41: 0.01
B42: Timbre | D42: 53000000 | E42: 0.0075
B43: Retención en la Fuente. | E43: 0.01
B44: Publicación Diario Oficial. | F44: 5530
B45: Contribución Especial (Impovias). | E45: 0.05
B46: Industria y comercio (4 X 1.000 Ing. Brutos). | E46: 0.004

Sheet INDICAR CÓDIGO DEL ITEM DE PAGO
B1: Formulario 1 - Propuesta económica - Documento tipo de selección abreviada de menor cuantía
B2: Versión: 1 del 21 de agosto de 2025
C5: [La entidad podrá utilizar este formato para la presentación de los análisis de precios unitarios el contratista en la oportunidad prevista en el numeral 8.2. del Documento Base]
D8: [NOMBRE DE LA ENTIDAD]
L9: VERSIÓN
D10: [NÚMERO DEL PROCESO]
L11: PÁGINA | M11: 1 | N11: DE | O11: 1
D13: ANALISIS DE PRECIOS UNITARIOS
L15: FECHA | M15: DD | N15: MM | O15: AA
C17: ITEMS DE LA PROPUESTA ECONÓMICA | I17: ITEMS NO PREVISTOS
C21: DATOS ESPECÍFICOS
C23: ITEM | D23: DESCRIPCIÓN | M23: UNIDAD | O23: CANTIDAD
C25: I. EQUIPO
C28: DESCRIPCIÓN | H28: MARCA | J28: TIPO | L28: TARIFA/HORA | M28: RENDIMIENTO | O28: Vr. UNITARIO
C32: SUBTOTAL $
C33: II. MATERIALES
C36: DESCRIPCIÓN | K36: UNIDAD | L36: CANTIDAD | M36: PRECIO UNIT. | O36: Vr. UNITARIO
C39: SUBTOTAL $ | O39: 0
C40: III. TRANSPORTES
C43: MATERIAL | J43: VOL. o PESO | K43: DISTANCIA | L43: M3 o Ton/Km | M43: TARIFA | O43: Vr. UNITARIO
C46: SUBTOTAL $
C47: IV. MANO DE OBRA
C50: TRABAJADOR | J50: JORNAL | K50: PRESTACIONES | L50: JORNAL TOTAL | M50: RENDIMIENTO | O50: Vr. UNITARIO
C55: SUBTOTAL $
C57: TOTAL COSTO DIRECTO $
C58: V. COSTOS INDIRECTOS
C61: Descripción | L61: Porcentaje | M61: Valor Total
C62: ADMINISTRACION
C63: IMPREVISTOS
C64: UTILIDAD
C65: SUBTOTAL $
C67: Precio Unitario Total Aproximado al peso $
H71: Firma
H72: Nombre:
H73: Representante Legal del Contratista o su Apoderado
H74: Matricula No. :
C76: OBSERVACIONES INTERVENTORÍA
C80: APROBACIÓN POR INTERVENTORÍA
C81: Nota 1: Cuando se trate de Análisis de precios unitarios correspondientes a ítems de la propuesta económica aprobada, el Interventor aprueba el desglose de los componentes manteniendo el mismo precio unitario de cada ítem, cumpliendo con las especificaciones de construcción vigentes para el proyecto.
C83: Nota 2: Cuando se trate de Análisis de precios unitarios de ítems no previstos, el Interventor aprueba el desglose y precio unitario de cada ítem no previsto, exigiendo la aplicación de los costos correspondientes a insumos y tarifas de la propuesta económica inicial cuando estén contemplados, cumpliendo con las especificaciones de construcción vigente para el proyecto.
H86: Firma
H87: Nombre:
H88: Representante Legal del Interventor o su Apoderado
H89: Matricula No. :
